 Dungeon Crawl Stone Soup version 0.27-a0-1202-ge72e49191c (webtiles) character file.

Game seed: 5543777445366376879

615 Delamore the Poker (level 7, -7/56 HPs)
             Began as a Formicid Fighter on June 4, 2021.
             Was a Believer of the Shining One.
             Mangled by an ogre
             ... wielding a +0 giant club
              (20 damage)
             ... on level 4 of the Dungeon.
             The game lasted 00:03:28 (3959 turns).

Delamore the Poker (Formicid Fighter)               Turns: 3959, Time: 00:03:29

Health: -7/56      AC:  8    Str: 23    XL:     7   Next: 73%
Magic:  7/7        EV:  8    Int:  7    God:    the Shining One [**....]
Gold:   150        SH:  9    Dex: 10    Spells: 6/6 levels left

rFire    . . .     SeeInvis +   a - +1 trident
rCold    . . .     Faith    .   c - +0 kite shield
rNeg     + . .     Spirit   .   q - +3 ring mail {Will+}
rPois    .         Reflect  .   (helmet unavailable)
rElec    .         Harm     .   (no cloak)
rCorr    .         Rampage  .   (no gloves)
Will     +....                  (no boots)
Stlth    ..........             (no amulet)
HPRegen  0.18/turn              f - ring of flight
MPRegen  0.10/turn              (no ring)

@: flying, glowing
A: permanent stasis, dig shafts and tunnels, antennae 3, four strong arms
a: Dig, Shaft Self, Renounce Religion, Divine Shield


You were on level 4 of the Dungeon.
You worshipped the Shining One.
The Shining One was pleased with you.
You visited 1 branch of the dungeon, and saw 4 of its levels.

You collected 150 gold pieces.

Inventory:

Hand Weapons
 a - a +1 trident (weapon)
Armour
 c - a +0 kite shield (worn)
 q - a +3 ring mail of willpower (worn)
Jewellery
 f - a ring of flight (left hand)
Wands
 m - a wand of digging (4)
Scrolls
 h - 2 scrolls of teleportation
 j - a scroll of immolation
 k - a scroll of enchant weapon
Potions
 b - a potion of cancellation {unknown}
 d - 2 potions of might
 g - a potion of resistance {unknown}
 i - a potion of lignification {unknown}
 l - a potion of curing {unknown}
 n - a potion of heal wounds {unknown}
 o - a potion of haste


   Skills:
 - Level 5.0 Fighting
 * Level 7.3 Polearms
 - Level 3.2 Armour
 - Level 3.6 Shields


You had 6 spell levels left.
You didn't know any spells.
Your spell library was empty.

Dungeon Overview and Level Annotations

Branches:
Dungeon (4/15)
 Temple: D:4-7

Altars:
Makhleb
The Shining One

Shops:
D:2 (

Annotations:
D:3 2 transporters, tape's ghost, amateur DjFi


Innate Abilities, Weirdness & Mutations

You cannot be hasted, slowed, berserked, paralysed or teleported.
You can dig through walls and to a lower floor.
You have a pair of large antennae on your head. (SInv)
Your four strong arms can wield two-handed weapons with a shield.


Message History

You hit the ogre.
The ogre is lightly wounded.
You block the ogre's attack.
You hit the ogre but do no damage.
The ogre is lightly wounded.
You block the ogre's attack.
You puncture the ogre!
The ogre is moderately wounded.
The ogre barely misses you.
You hit the ogre but do no damage.
The ogre is moderately wounded.
The ogre hits you with a +0 giant club!
You hit the ogre.
The ogre is heavily wounded.
The ogre hits you with a +0 giant club!
You hit the ogre.
The ogre is heavily wounded.
The ogre hits you with a +0 giant club!!
* * * LOW HITPOINT WARNING * * *
You are too injured to fight recklessly!
You are too injured to fight recklessly!
You are too injured to fight recklessly!
You are too injured to fight recklessly!
You are too injured to fight recklessly!
You are too injured to fight recklessly!
You are too injured to fight recklessly!
You are too injured to fight recklessly!
You are too injured to fight recklessly!
You extend your mandibles.
You dig through the rock wall.
You dig through the rock wall.
You dig through the rock wall.
You dig through the rock wall.
You dig through the rock wall.
You dig through the rock wall.
You dig through the rock wall.
You dig through the rock wall.
You dig through the rock wall.
The ogre hits you with a +0 giant club!!
You die...

#########
####.......##
###...#######.#
####.#....# #.#
#.........## #.#
#..........#####O#
##............##@##
#..............###
#..............#
#..............#
#..............#
........^.....##
...............#
...............#
................


You could see an ogre.

Vanquished Creatures
  Grinder (D:3)
  Purgy (D:3)
  A scorpion (D:4)
  A water moccasin skeleton (D:4)
  A bullfrog zombie (D:4)
  Terence (D:3)
  3 gnolls (D:4)
  4 adders
  A worm (D:2)
  2 dart slugs (D:1)
  6 orcs (D:3)
  A bat (D:2)
  4 endoplasms
  4 giant cockroaches
  6 hobgoblins
  7 jackals
  5 kobolds
  2 quokkas
  7 ball pythons
  3 frilled lizards
  11 goblins
  5 rats
77 creatures vanquished.

Notes
Turn   | Place    | Note
-------+----------+-------------------------------------------
     0 | D:1      | Delamore the Formicid Fighter began the quest for the Orb.
     0 | D:1      | Reached XP level 1. HP: 18/18 MP: 1/1
   123 | D:1      | Reached XP level 2. HP: 1/24 MP: 2/2
   124 | D:1      | HP: 1/24 [hobgoblin (1)]
   460 | D:1      | Found a faded altar of an unknown god.
   469 | D:1      | Became a worshipper of the Shining One
   469 | D:1      | Reached * piety under the Shining One
   617 | D:1      | Reached XP level 3. HP: 26/30 MP: 3/3
   621 | D:1      | Reached skill level 3 in Polearms
  1534 | D:2      | Reached XP level 4. HP: 37/37 MP: 4/4
  1954 | D:2      | Found Cenlum's Antique Weapon Emporium.
  1997 | D:2      | Found a burning altar of Makhleb.
  2329 | D:3      | Noticed Terence
  2339 | D:3      | Killed Terence
  2483 | D:3      | Reached skill level 4 in Polearms
  2552 | D:3      | Reached XP level 5. HP: 30/42 MP: 5/5
  2675 | D:3      | Noticed Grinder
  2689 | D:3      | Killed Grinder
  2690 | D:3      | Reached skill level 5 in Fighting
  2690 | D:3      | Reached skill level 5 in Polearms
  2690 | D:3      | Reached XP level 6. HP: 7/51 MP: 6/6
  3004 | D:3      | You are sucked into a shaft and drop 1 floor!
  3069 | D:3      | Noticed Purgy
  3080 | D:3      | Killed Purgy
  3081 | D:3      | Reached skill level 6 in Polearms
  3081 | D:3      | Reached XP level 7. HP: 51/56 MP: 7/7
  3385 | D:3      | Noticed tape's ghost (amateur DjFi)
  3385 | D:3      | Reached ** piety under the Shining One
  3394 | D:3      | Found a transporter.
  3409 | D:3      | Found a transporter.
  3839 | D:4      | Reached skill level 7 in Polearms
  3959 | D:4      | Mangled by an ogre

Illustrated notes

Levels and vault maps discovered:
D:1:      lemuel_arrival_behind_the_door_large, layout_rooms,
          ebering_ecumenical_altar_ruins
D:2:      layout_basic, basic_altar, serial_shops, nicolae_shop_statue_plus
D:3:      layout_loops_corners, gammafunk_ghost_stat_death,
          minmay_misc_feat_enclosed, uniq_purgy, uniq_terence, uniq_grinder
D:4:      layout_cave_pods, serial_undead, serial_undead_b, serial_undead_c,
          serial_undead_e, serial_undead_e, serial_undead_f,
          lightli_corner_chamber

Skill      XL: |  1  2  3  4  5  6  7 |
---------------+----------------------+-----
Polearms       | 3 4 5 6 7 |  7.3
Fighting       | 4 5 |  5.0
Armour         | |  3.2
Shields        | |  3.6

Action                   |  1- 3 |  4- 6 |  7- 9 || total
-------------------------+-------+-------+-------++-------
Melee: Trident           |   133 |    65 |    69 ||   267
 Abil: Dig               |       |       |     2 ||     2
  Use: Scroll            |     4 |     1 |       ||     5
       Potion            |       |     1 |       ||     1
Armor: Scale mail        |    47 |     3 |       ||    50
       Ring mail         |       |    11 |    12 ||    23
Dodge: Dodged            |    23 |    15 |    12 ||    50
Block: Kite shield       |    52 |    34 |    31 ||   117

Table legend: (Time is in decaauts)
 A = Elapsed time spent in this place.
 B = Non-inter-level travel time spent in this place.
 C = Inter-level travel time spent in this place.
 D = Time resting spent in this place.
 E = Time spent auto-exploring this place.
 F = Levels seen in this place.
 G = Mean time per level.
                   A        B        C        D        E       F      G
               +--------+--------+--------+--------+--------+-----+--------+
         Total |   4034 |   3870 |    164 |    584 |   2666 |   4 | 1008.5 |
       Dungeon |   4034 |   3870 |    164 |    584 |   2666 |   4 | 1008.5 |
               +--------+--------+--------+--------+--------+-----+--------+

Top non-repeatable levels by time:
     D:3: 1440 daAuts
     D:2: 1174 daAuts
     D:1: 1033 daAuts
     D:4: 387 daAuts
